 Dungeon Crawl Stone Soup version 0.23.2-40-g277498a001 (webtiles) character file.

Game seed: 16841572398578334412

43 Drevant2 the Caller (level 3, -1/19 HPs)
             Began as a Tengu Summoner on Aug 13, 2019.
             Killed by divine providence
             ... invoked by an orc priest
              (14 damage)
             ... on level 2 of the Dungeon.
             The game lasted 00:07:30 (2527 turns).

Drevant2 the Caller (Tengu Summoner)                Turns: 2527, Time: 00:07:31

Health: -1/19      AC:  2    Str:  8    XL:     3   Next: 58%
Magic:  6/7        EV: 13    Int: 15    God:
Gold:   71         SH:  0    Dex: 15    Spells: 3/6 levels left

rFire    . . .     SeeInvis .   h - +1 dagger (venom)
rCold    . . .     Gourm    .   (no shield)
rNeg     . . .     Faith    .   a - +0 robe
rPois    .         Spirit   .   (helmet restricted)
rElec    .         Reflect  .   (no cloak)
rCorr    .         Harm     .   (no gloves)
MR       .....                  (boots unavailable)
Stlth    ++........             (no amulet)
HPRegen  0.06/turn              (no ring)
MPRegen  0.10/turn              (no ring)

@: no status effects
A: beak, talons 3
a: no special abilities


You were on level 2 of the Dungeon.
You were not hungry.

You visited 1 branch of the dungeon, and saw 2 of its levels.

You collected 71 gold pieces.

Inventory:

Hand Weapons
 e - a +0 mace
 h - a +1 dagger of venom (weapon)
Armour
 a - a +0 robe (worn)
 i - a +0 helmet
Jewellery
 g - a cursed ring of attention {unknown}
 j - an uncursed ring of fire {unknown}
Scrolls
 b - a scroll of remove curse {unknown}
 d - a scroll of amnesia {unknown}
 k - a scroll of random uselessness {unknown}
 l - 2 scrolls of enchant weapon {unknown}
Comestibles
 c - 2 rations


   Skills:
 - Level 2.1 Dodging
 - Level 2.0 Stealth
 - Level 2.0 Spellcasting
 + Level 6.3 Summonings


You had 3 spell levels left.
You knew the following spells:

 Your Spells              Type           Power        Failure   Level  Hunger
a - Summon Small Mammal   Summ           ###.         1%          1    #......
b - Call Imp              Summ           ###.....     2%          2    ###....

Your spell library contained the following spells:

 Spells                   Type           Power        Failure   Level  Hunger
 Call Canine Familiar     Summ           ###.....     4%          3    ###....
 Summon Guardian Golem    Hex/Summ       ##......     19%         3    ###....
 Summon Ice Beast         Ice/Summ       ##......     52%         4    #####..
 Summon Lightning Spire   Summ/Air       ##......     52%         4    #####..


Dungeon Overview and Level Annotations

Branches:
Dungeon (2/15)

Altars:


Innate Abilities, Weirdness & Mutations

You have a beak for a mouth.
You have claws for feet.


Message History

The orc wizard seems to speed up.
An orc warrior comes into view.
It is wielding a +2 scimitar of freezing.
Your iron imp hits the orc.
The orc dies!
Your iron imp hits the orc wizard!
Your iron imp is smitten.
The orc wizard mumbles some strange words.
The orc wizard flickers and vanishes!
Deactivating autopickup; reactivate with Ctrl-A.
An adder comes into view.
The hobgoblin hits you.
An orc priest comes into view. It is wielding a +0 club.
Something barely misses your iron imp.
Your crimson imp blinks!
Something hits your iron imp.
Your crimson imp blinks!
The orc priest invokes the aid of Beogh against you.
Beogh smites you!
Ouch! That really hurt!
You die...

#.....# #..$)o#
#.S..# #....#
#####.o5.+
#........#
#$..(....#
#...g....#
#.).@#####
####....#
#..ยง....+
#.##....#
#.##....##.
#.##....##.####
#.##....##.#..####
#.##.5..##.#.....#
#.##....##(.#.##.#


You could see an orc warrior, an orc priest, an adder, a hobgoblin, a friendly
iron imp and a friendly crimson imp.

Vanquished Creatures
  A leopard gecko (D:1)
  2 goblins (D:2)
  3 hobgoblins
  A kobold (D:1)
  4 bats
  A frilled lizard (D:1)
  2 rats (D:1)
14 creatures vanquished.

Vanquished Creatures (collateral kills)
  An adder (D:2)
  A worm (D:2)
  A dart slug (D:2)
  A leopard gecko (D:1)
  An orc (D:2)
  A ball python (D:2)
  A giant cockroach (D:1)
  4 goblins
  2 hobgoblins (D:2)
  4 jackals (D:2)
  A bat (D:2)
  2 frilled lizards (D:2)
  3 kobolds
  2 rats
25 creatures vanquished.

Grand Total: 39 creatures vanquished

Notes
Turn   | Place    | Note
-------+----------+-------------------------------------------
     0 | D:1      | Drevant2 the Tengu Summoner began the quest for the Orb.
     0 | D:1      | Reached XP level 1. HP: 10/10 MP: 4/4
   232 | D:1      | Reached skill level 5 in Summonings
   509 | D:1      | Reached XP level 2. HP: 15/15 MP: 6/6
   514 | D:1      | Learned a level 2 spell: Call Imp
  1796 | D:2      | Reached XP level 3. HP: 19/19 MP: 3/7
  1851 | D:2      | Reached skill level 6 in Summonings
  2248 | D:2      | Found a faded altar of an unknown god.
  2522 | D:2      | Noticed an orc warrior
  2527 | D:2      | Killed from afar by an orc priest

Skill      XL: |  1  2  3 |
---------------+----------+-----
Summonings     | 5 6 |  6.3
Dodging        | |  2.1
Stealth        | |  2.0
Spellcasting   | |  2.0

Action                   || total
-------------------------++-------
Melee: Mace              ||    30
       Unarmed           ||     2
       Peck              ||    10
       Kick              ||     5
       Dagger            ||     5
 Cast: Summon Small Mamm ||    14
       Call Imp          ||    15
  Use: Potion            ||     2
 Stab: Sleeping          ||     3
  Eat: Chunk             ||     6
Armor: Robe              ||    12
Dodge: Dodged            ||    45
